 Dungeon Crawl Stone Soup version 0.31.0-10-gcf4a605ca0 (webtiles) character file.

Game seed: 6335984731926590118

1262343 Ruich the Slayer (level 27, 245/245 HPs)
             Began as a Human Conjurer on Jan 20, 2024.
             Was the Champion of Vehumet.
             Escaped with the Orb
             ... and 3 runes on Jan 25, 2024!
             The game lasted 17:38:48 (133047 turns).

Ruich the Slayer (Human Conjurer)                 Turns: 133047, Time: 17:38:48

Health: 245/245    AC: 23    Str: 14    XL:     27
Magic:  39/39      EV: 18    Int: 32    God:    Vehumet [******]
Gold:   1053       SH: 21    Dex: 15    Spells: 2/51 levels left

rFire   + . .        i - staff of the Scavenger {Will+ Conj Earth, !a}
rCold   + + .        n - +2 tower shield
rNeg    . . .        H - +1 robe "Rap Tuh" {rF+ rC+ Regen+ Archmagi}
rPois   .            e - +2 helmet {Int+3}
rElec   .            h - scarf {repulsion}
rCorr   .            w - +2 pair of gloves
SInv    +            J - +3 pair of mountain boots {steadfast, rC+}
Will    ++++.        m - amulet "Qyh Jot" {RegenMP Will+ Dex+3}
Stlth   ++           B - ring of the Tortoise {AC+8}
HPRegen 1.40/turn    k - ring of Moderation {Wiz Int+5 Slay-4 SInv}
MPRegen 0.66/turn

%: repel missiles, wizardry (x1), archmagi
@: no status effects
A: explore regen, clumsy 1
0: Orb of Zot
}: 3/15 runes: serpentine, barnacled, silver
a: Renounce Religion


You escaped.
You worshipped Vehumet.
Vehumet was exalted by your worship.
You visited 10 branches of the dungeon, and saw 47 of its levels.
You visited 1 bazaar.
You also visited: Trove, Bailey and Wizlab.

You collected 7183 gold pieces.
You spent 6130 gold pieces at shops.


Innate Abilities, Weirdness & Mutations

You regain HP and MP as you explore.
You are clumsy. (Dex -2)


   Skills:
 + Level 26.2 Fighting
 - Level 10.0 Armour
 - Level 15.0 Dodging
 - Level 15.0 Stealth
 - Level 15.0 Shields
 - Level 12.9 Spellcasting
 - Level 22.4 Conjurations
 - Level 6.9 Summonings
 - Level 6.9 Necromancy
 - Level 5.0 Translocations
 - Level 5.0 Ice Magic
 - Level 4.8 Air Magic
 - Level 14.9 Earth Magic
 - Level 5.0 Alchemy
 - Level 3.0 Evocations


You had 2 spell levels left.
You knew the following spells:

 Your Spells              Type           Power      Damage    Failure   Level
a - Apportation           Tloc           100%       N/A       1%          1
b - Borgnjor's Vile Clut  Necr/Erth      58%        N/A       1%          5
c - Mephitic Cloud        Conj/Alch/Air  100%       N/A       1%          3
d - Lee's Rapid Deconstr  Erth           65%        3d30*     1%          5
e - Freezing Cloud        Conj/Ice/Air   58%        6-21      1%          5
i - Irradiate             Conj/Alch      63%        3d32      1%          5
l - Lehudib's Crystal Sp  Conj/Erth      84%        10d19     3%          8
m - Magic Dart            Conj           100%       1d8       0%          1
p - Spellforged Servitor  Conj/Summ      65%        N/A       2%          7
r - Orb of Destruction    Conj           76%        9d17      1%          7
B - Blink                 Tloc           100%       N/A       1%          2

Your spell library contained the following spells:

 Spells                   Type           Power      Damage    Failure   Level
 Shatter                  Erth           65%        3d48*     80%         9
 Fire Storm               Conj/Fire      59%        8d15      99%         9
 Searing Ray              Conj           100%       2d8       0%          2
 Freeze                   Ice            100%       1d10      1%          1
 Call Imp                 Summ           100%       N/A       1%          2
 Ensorcelled Hibernation  Hex/Ice        100%       N/A       1%          2
 Lesser Beckoning         Tloc           100%       N/A       1%          2
 Momentum Strike          Conj/Tloc      100%       3d10      1%          2
 Static Discharge         Conj/Air       100%       3-8/arc   1%          2
 Jinxbite                 Hex            60%        N/A       5%          2
 Stone Arrow              Conj/Erth      100%       3d13      0%          3
 Iskenderun's Battlesphe  Conj           100%       2d15      0%          5
 Call Canine Familiar     Summ           78%        N/A       1%          3
 Dazzling Flash           Conj/Hex       100%       N/A       1%          3
 Frozen Ramparts          Ice            100%       1d16      1%          3
 Gell's Gravitas          Tloc           68%        N/A       1%          3
 Hailstorm                Conj/Ice       100%       3d16      1%          3
 Ozocubu's Armour         Ice            68%        N/A       1%          3
 Summon Ice Beast         Ice/Summ       73%        N/A       1%          3
 Swiftness                Air            67%        N/A       1%          3
 Teleport Other           Tloc           68%        N/A       1%          3
 Volatile Blastmotes      Fire/Tloc      100%       2d18      1%          3
 Airstrike                Air            33%        2d(5-21)  1%          4
 Animate Dead             Necr           77%        N/A       1%          4
 Brom's Barrelling Bould  Conj/Erth      100%       2d11      1%          4
 Fulminant Prism          Conj/Alch      63%        3d26      1%          4
 Iskenderun's Mystic Bla  Conj/Tloc      100%       2d19      1%          4
 Leda's Liquefaction      Alch/Erth      56%        N/A       1%          4
 Olgreb's Toxic Radiance  Alch           68%        N/A       1%          4
 Petrify                  Alch/Erth      100%       N/A       1%          4
 Arcjolt                  Conj/Air       63%        1d73      1%          5
 Fireball                 Conj/Fire      59%        3d23      1%          5
 Bombard                  Conj/Erth      84%        9d13      1%          6
 Conjure Ball Lightning   Conj/Air       63%        3x3d23    1%          6
 Starburst                Conj/Fire      59%        6d16      1%          6
 Inner Flame              Hex/Fire       30%        N/A       3%          3
 Summon Lightning Spire   Summ/Air       73%        N/A       3%          4
 Vhi's Electric Charge    Tloc/Air       100%       N/A       4%          4
 Curse of Agony           Necr           77%        N/A       6%          5
 Confusing Touch          Hex            30%        N/A       11%         3
 Sigil of Binding         Hex            30%        N/A       11%         3
 Tukima's Dance           Hex            30%        N/A       11%         3
 Dimensional Bullseye     Hex/Tloc       26%        N/A       12%         4
 Alistair's Intoxication  Alch           45%        N/A       12%         5
 Eringya's Noxious Bog    Alch           34%        4d6       16%         6
 Death Channel            Necr           38%        N/A       30%         6
 Cause Fear               Hex            15%        N/A       32%         4
 Metabolic Englaciation   Hex/Ice        26%        N/A       32%         5
 Silence                  Hex/Air        26%        N/A       32%         5
 Plasma Beam              Fire/Air       26%        2x1d39    38%         6
 Dispersal                Tloc           34%        N/A       52%         6
 Sculpt Simulacrum        Ice/Alch       34%        N/A       52%         6
 Ozocubu's Refrigeration  Ice            34%        4d15      58%         7
 Haunt                    Necr/Summ      39%        N/A       83%         7
 Malign Gateway           Summ/Tloc      36%        N/A       91%         7
 Ignition                 Fire           15%        3d6       99%         8
 Maxwell's Capacitive Co  Air            33%        ∞         99%         8
 Polar Vortex             Ice            34%        12d4*     99%         9
 Enfeeble                 Hex            15%        N/A       100%        7
 Borgnjor's Revivificati  Necr           38%        N/A       100%        8
 Summon Horrible Things   Summ           39%        N/A       100%        8
 Death's Door             Necr           38%        N/A       100%        9
 Dragon's Call            Summ           39%        N/A       100%        9

Inventory:

Missiles
 Q - 2 throwing nets {=f}
Armour
 c - +0 fire dragon scales
 d - a +1 kite shield of poison resistance
 e - a +2 helmet of intelligence (worn)
 h - a scarf of repulsion (worn)
 n - a +2 tower shield (worn)
 w - a +2 pair of gloves (worn)
 H - the +1 robe "Rap Tuh" (worn) {rF+ rC+ Regen+ Archmagi}
   (You found it on level 4 of the Depths)

   rF+:       It protects you from fire.
   rC+:       It protects you from cold.
   Regen+:    It increases your rate of health regeneration.
   Archmagi:  It increases the power of your magical spells.
 J - the +3 pair of mountain boots (worn) {steadfast, rC+}
   (You bought it in a shop on level 2 of the Orcish Mines)

   Steadfast: It prevents involuntary movement, except for blinking,
   teleportation, or banishment.
   rC+:       It protects you from cold.
Magical Staves
 i - the staff of the Scavenger (weapon) {Will+ Conj Earth, !a}
   (You acquired it on level 2 of the Snake Pit)

   [staff of conjuration]

   Base accuracy: +5 Base damage: 5 Base attack delay: 1.2 This weapon's minimum
   attack delay (0.6) is reached at skill level 12.
   Will+:     It increases your willpower.
   Conj:      It increases the power of your Conjurations spells.
   Earth:     It increases the power of your Earth spells.
   It falls into the 'Staves' category.
   It is a one-handed weapon.
Jewellery
 b - an amulet of reflection
 f - a ring of protection from fire
 k - the ring of Moderation (right hand) {Wiz Int+5 Slay-4 SInv}
   (You bought it in a shop on level 3 of the Depths)

   [ring of wizardry]

   Wiz:       It improves your spell success rate.
   Int+5:     It affects your intelligence (+5).
   Slay-4:    It affects your accuracy & damage with ranged weapons and melee
   (-4).
   SInv:      It lets you see invisible.
 m - the amulet "Qyh Jot" (around neck) {RegenMP Will+ Dex+3}
   (You acquired it on level 3 of the Realm of Zot)

   [amulet of magic regeneration]

   RegenMP:   It increases your rate of magic regeneration.
   Dex+3:     It affects your dexterity (+3).
   Will+:     It increases your willpower.
 x - the ring "Loej Qerr" {rPois rC+ Str+6 Dex+2}
   (You found it in a treasure trove)

   [ring of strength]

   Str+6:     It affects your strength (+6).
   Dex+2:     It affects your dexterity (+2).
   rC+:       It protects you from cold.
   rPois:     It protects you from poison
 B - the ring of the Tortoise (left hand) {AC+8}
   (You took it off a deep elf master archer on level 3 of the Elven Halls)

   [ring of protection]

   AC+8:      It affects your AC (+8).
 F - the amulet of the Five Mouths {RegenMP rElec}
   (You found it in a treasure trove)

   [amulet of magic regeneration]

   RegenMP:   It increases your rate of magic regeneration.
   rElec:     It insulates you from electricity.
 G - the ring "Deumpev" {rC+ SInv}
   (You found it in a treasure trove)

   [ring of see invisible]

   rC+:       It protects you from cold.
   SInv:      It lets you see invisible.
 I - the ring of the Tick {rCorr EV+5 Stlth+}
   (You found it in a treasure trove)

   [ring of evasion]

   EV+5:      It affects your evasion (+5).
   rCorr:     It protects you from acid and corrosion.
   Stlth+:    It makes you more stealthy.
 L - a ring of flight
 N - a ring of positive energy
 P - a ring of poison resistance
 R - a ring of resist corrosion
 S - the ring of Heicug {Will+ SInv}
   (You found it in a treasure trove)

   [ring of see invisible]

   Will+:     It increases your willpower.
   SInv:      It lets you see invisible.
 T - the ring "Sikhlerore" {rPois rCorr Str+4 Dex-5 SInv Stlth+}
   (You took it off a deep elf elementalist on level 3 of the Elven Halls)

   [ring of see invisible]

   Str+4:     It affects your strength (+4).
   Dex-5:     It affects your dexterity (-5).
   rPois:     It protects you from poison SInv: It lets you see invisible.
   rCorr:     It protects you from acid and corrosion.
   Stlth+:    It makes you more stealthy.
 W - a ring of willpower
Wands
 C - a wand of digging (1)
Scrolls
 j - 32 scrolls of identify {@r1}
 t - 10 scrolls of immolation
 u - 6 scrolls of fog (quivered)
 y - 4 scrolls of vulnerability
 z - 6 scrolls of poison
 D - 4 scrolls of fear
 E - 7 scrolls of silence {!r}
 K - 7 scrolls of teleportation {@r2}
 U - 3 scrolls of butterflies
 Y - a scroll of amnesia
Potions
 a - 14 potions of curing {@q1}
 g - 4 potions of might
 l - 4 potions of ambrosia
 o - 4 potions of heal wounds {@q2}
 p - 2 potions of haste {@q3}
 q - 4 potions of brilliance
 s - 6 potions of resistance
 v - 5 potions of attraction
 M - 10 potions of lignification
 O - a potion of cancellation
 V - 9 potions of mutation
 X - 4 potions of enlightenment
Miscellaneous
 A - a phial of floods

Dungeon Overview and Level Annotations

Branches:
Dungeon (15/15)            Temple (1/1) D:5            Lair (4/5) D:9
 Shoals (4/4) Lair:2        Snake (4/4) Lair:3          Orc (2/2) D:11
    Elf (3/3) Orc:2        Vaults (5/5) D:13         Depths (4/4) D:15
    Zot (5/5) Depths:4     Bailey (visited)          WizLab (visited)
  Slime: Lair:4-5     Crypt: Vaults:2-3

Altars:
Ashenzari
Cheibriados
Dithmenos
Elyvilon
Fedhas
Gozag
Hepliaklqana
Kikubaaqudgha
Makhleb
Nemelex Xobeh
Okawaru
Qazlal
Ru
Sif Muna
Trog
Uskayaw
Vehumet
Wu Jian
Xom
Yredelemnul
Zin
The Shining One

Shops:
D:9 !*   D:13 !   Orc:2 [=?*   Elf:2 (   Elf:3 *=(   Shoals:1 *   Snake:2 (:
Snake:3 !   Vaults:1 (   Vaults:2 (   Vaults:3 (   Vaults:4 *:?
Depths:3 ==:**

Portals:
Hell: Depths:1 Depths:2 Depths:3 Depths:4
Abyss: Depths:1 Depths:2 Depths:3 Depths:4
Pandemonium: Orc:2 Depths:2
Ziggurat: Depths:3

Annotations:
D:3 exclusion: downstairs
D:4 exclusions: downstairs and ogre
D:5 exclusion: downstairs
D:7 exclusion: 2 downstairs
D:8 exclusion: downstairs
D:12 exclusion: 2 downstairs
D:13 exclusion: downstairs
Orc:1 exclusion: downstairs
Orc:2 exclusion: upstairs
Elf:1 exclusion: 2 downstairs
Elf:2 3 runed translucent doors
Elf:3 6 transporters
Vaults:2 Mennas!, exclusion: door, Mennas
Vaults:4 +3 Strm Dgn Scl!

######################
.....................###
.....########..........#
.....# #..######..#
.....# #..####.#..#
.....# ##........##
.....# #.##.###.# .....#
#.#....#.# .....#
#..@.#.#.# .....#
##.####.#.# ....>#
###.......#.# .#####
##..########.#
.#########............##
............#.#######..#
..............#######..#
....########...........#
.#############....#.####


There were no monsters in sight!


Message History

Things that are here:
a +0 animal skin; a +2 spear of venom
There is a stone staircase leading down here.
There is a stone staircase leading up here.
You climb upwards.
Level annotation: exclusion: downstairs
There is a stone staircase leading down here.
Unknown command.
There is a stone staircase leading up here.
You climb upwards.
There is a stone staircase leading down here.
Unknown command.
Aiming: Dig
Press: ? - help, Shift-Dir - straight line A rock wall.
This square is covered in magical glow.
The rock shatters into small pieces.
Unknown command.
An Orb Guardian comes into view.
There is an escape hatch in the ceiling here.
A mysterious force pulls you upwards. The hatch slams shut behind you.
Unknown command.
Aiming: Dig
Press: ? - help, Shift-Dir - straight line A rock wall.
This square is covered in magical glow.
The rock shatters into small pieces.
Unknown command.
There is a staircase leading out of the dungeon here.
You have escaped!

Skill      XL: |  1  2  3  4  5  6  7  8  9 10 11 12 13 14 15 16 17 18 19 20 21 22 23 24 25 26 27 |
---------------+----------------------------------------------------------------------------------+-----
Conjurations   | 5 6 8 10 11 14 16 17 18 20 21 22 | 22.4
Fighting       | 1 2 3 5 7 12 13 15 16 17 18 19 20 22 25 26 | 26.2
Spellcasting   | 3 6 7 10 11 12 | 12.9
Alchemy        | 1 4 5 |  5.0
Evocations     | 2 3 |  3.0
Dodging        | 5 7 9 10 11 12 13 15 | 15.0
Translocations | 5 |  5.0
Shields        | 1 5 6 10 12 13 15 | 15.0
Stealth        | 8 10 13 15 | 15.0
Armour         | 8 10 | 10.0
Ice Magic      | 5 |  5.0
Air Magic      | 4 |  4.8
Earth Magic    | 7 13 14 | 14.9
Summonings     | 3 5 6 |  6.9
Necromancy     | 6 |  6.9

Action                     |  1- 3 |  4- 6 |  7- 9 | 10-12 | 13-15 | 16-18 | 19-21 | 22-24 | 25-27 || total
---------------------------+-------+-------+-------+-------+-------+-------+-------+-------+-------++-------
  Melee: Short sword       |     1 |     9 |       |       |       |       |       |       |       ||    10
         Staff             |       |       |     7 |       |       |       |       |       |       ||     7
         Dagger            |       |       |       |       |    79 |    51 |     2 |       |       ||   132
  Throw: Dart              |     1 |       |       |       |       |       |       |       |       ||     1
   Cast: Magic Dart        |    80 |    96 |   132 |    41 |    17 |   372 |   187 |    30 |       ||   955
         Searing Ray       |     2 |    20 |    37 |    73 |    18 |     1 |     6 |       |       ||   157
         Fulminant Prism   |       |       |    29 |   158 |    75 |       |       |       |       ||   262
         Blink             |       |       |     1 |    12 |     7 |     2 |     6 |     6 |       ||    34
         Mephitic Cloud    |       |       |       |    23 |    38 |     1 |       |       |       ||    62
         Iskenderun's Myst |       |       |       |     9 |    92 |     4 |       |       |       ||   105
         Orb of Destructio |       |       |       |       |   389 |   223 |   322 |   249 |   247 ||  1430
         Freezing Cloud    |       |       |       |       |    20 |   119 |   136 |    69 |    13 ||   357
         Iskenderun's Batt |       |       |       |       |     8 |   148 |   156 |       |       ||   312
         Irradiate         |       |       |       |       |       |    36 |   116 |    52 |    19 ||   223
         Stone Arrow       |       |       |       |       |       |       |    30 |     5 |       ||    35
         Spellforged Servi |       |       |       |       |       |       |     3 |   178 |   131 ||   312
         Lehudib's Crystal |       |       |       |       |       |       |       |    59 |   103 ||   162
         Borgnjor's Vile C |       |       |       |       |       |       |       |     7 |    26 ||    33
         Lee's Rapid Decon |       |       |       |       |       |       |       |       |     4 ||     4
  Evoke: Wand              |       |       |     4 |    14 |     4 |       |     2 |     4 |     8 ||    36
    Use: Potion            |     1 |     2 |     1 |     2 |     1 |     3 |     4 |     6 |    14 ||    34
         Scroll            |    13 |       |     6 |     9 |    11 |     6 |    12 |     8 |    16 ||    81
   Stab: Confused          |       |       |       |       |     3 |       |       |       |       ||     3
         Sleeping          |       |       |       |       |     2 |       |       |       |       ||     2
 Armour: Robe              |    19 |    30 |    97 |   132 |    98 |       |       |    99 |   158 ||   633
         Ring mail         |       |       |       |       |    30 |   170 |   253 |    20 |       ||   473
         Fire dragon scale |       |       |       |       |       |       |       |    67 |       ||    67
  Dodge: Dodged            |    24 |    10 |    92 |    92 |   101 |   117 |   103 |   116 |    75 ||   730
         Repelled          |       |       |       |       |     2 |    22 |     6 |     8 |    25 ||    63
  Block: Buckler           |     1 |     4 |       |    40 |    79 |    71 |       |       |       ||   195
         Other             |       |       |    10 |    23 |     1 |       |       |       |       ||    34
         Reflection        |       |       |     2 |     1 |    19 |    45 |    43 |    42 |    13 ||   165
         Kite shield       |       |       |       |       |       |    96 |   218 |   139 |       ||   453
         Tower shield      |       |       |       |       |       |       |       |    36 |   103 ||   139

Levels and vault maps discovered:
D:1:      zelgadis_glass_arrival_small, layout_rooms, nicolae_eternal_life,
          minmay_split_cup_small
D:2:      layout_basic, serial_shops, shop
D:3:      layout_basic, overflow_temple_1_default, wad_floor_pattern_untrapped
D:4:      layout_loops_corners, nicolae_tso_besieged_by_evil, kennysheep_potato,
          uniq_robin
D:5:      layout_basic, nicolae_ru_awakened_eye, minmay_temple_entry_slanted,
          cheibrodos_sewer_entry_bend
D:6:      layout_basic, grunt_gozag_statues, minmay_fire_ice_demons
D:7:      wad_pebble_path, layout_loops_ring, mainiacjoe_overflow_tiny_flanked,
          st_stairs_14, hangedman_decor_clover_reticule,
          kennysheep_pointless_box
D:8:      layout_layer_cave
D:9:      layout_rooms, gammafunk_temple_overflow_claw, erik_lair_island,
          kennysheep_small_spiral, nicolae_take_the_stairs,
          nicolae_elemental_shop
D:10:     layout_basic, enter_bailey_2, hangedman_decor_slide_cut,
          fungi_pond_lemuel, hangedman_feature_mirror,
          hangedman_decor_peaks_small, lemuel_flame_loot_1
D:11:     layout_small_grid, orc_0_dummy, uniq_erolcha
D:12:     layout_loops_ring, gauntlet_entry_generic, uniq_psyche
D:13:     layout_layer_cave, skrybe_vaults_entry_preservation, serial_shops,
          nicolae_diamond_shop
D:14:     layout_stronghold, okawaru_gym_becter
D:15:     hangedman_depths_entry_try_elsewhere_first, layout_cross, minivault_19
Temple:   eino_temple_lava
Lair:1:   layout_small_grid, special_room [special_room_bee],
          nicolae_quartered_pool_little
Lair:2:   layout_long_grid, elwin_shoals_entry_rooms, grunt_megastairs_3
Lair:3:   wander_river, layout_misc_corridors, minmay_snake_entry_spellcaster,
          minmay_lair_oklob_items
Lair:4:   layout_big_grid, serial_bayou_shore_b
Shoals:1: layout_shoals, nicolae_shop_clearance
Shoals:2: argonaut_golden_fleece, layout_shoals, nicolae_shoals_so_close
Shoals:3: layout_shoals
Shoals:4: shoals_end_grunt_ice, layout_shoals, nicolae_shoals_water_booths
Snake:1:  layout_basic
Snake:2:  layout_cave_pods, nicolae_snake_mages_go_home, minmay_shoptagon,
          serial_bayou_shore_a, serial_bayou_shore_b, uniq_agnes
Snake:3:  layout_cave_town, serial_shops, shop, drop_trap
Snake:4:  johnstein_snake_rune_scales, layout_cave_town,
          serial_library_hellmonk_angled_corner, uniq_aizul
Orc:1:    layout_caves, basic_altar, uniq_erica, uniq_urug
Orc:2:    pf_orc_diabolical, layout_diamond_mine, uniq_saint_roka
Elf:1:    elf_arrival_002, layout_gridlike, serial_shops, bzr_entry_dummy,
          nicolae_elf_shapeshifter_party, minivault_27, onia_ninara_cookie
Elf:2:    elven_hall_of_blades_hangedman_original [nicolae_blade_little_rooms],
          layout_loops_ring, serial_shops, shop, st_stairs_2, uniq_jorgrun,
          uniq_roxanne, uniq_azrael, uniq_norris
Elf:3:    elf_hall, layout_rooms, serial_shops, nicolae_shop_peninsula, shop,
          shop, serial_nicolae_subway, nicolae_sub_station_crystal,
          nicolae_sub_station_metal, nicolae_sub_station_stone, uniq_nikola
Vaults:1: nicolae_vaults_little_squares_5, grunt_vaults_swirl,
          nicolae_vaults_taking_the_gang_shopping, ontoclasm_vaults_shuriken,
          nicolae_vaults_sightless_eye, nicolae_vaults_oval_intersection,
          lightli_church_of_beogh, nicolae_vaults_closet_pinwheel_1,
          nicolae_vaults_border_crossing, v_misc_5,
          nicolae_vaults_lightning_bolt, nicolae_vaults_trapezoid_lopsided_2,
          nicolae_vaults_double_plus_2, ontoclasm_vaults_misaligned,
          nicolae_vaults_specimen_jars, layout_vaults_maze_bifur
Vaults:2: nicolae_vaults_more_shelving_2, nicolae_vaults_storage_room_glass,
          nicolae_vaults_swerve, minmay_crypt_entry_simple_box,
          ontoclasm_vaults_spin, nicolae_vaults_trapezoid_4, v_misc_22,
          ontoclasm_vaults_idyll, nicolae_vaults_bisected_slash, v_rooms_3,
          v_misc_18, hangedman_vaults_locks,
          nicolae_vaults_trapezoid_lopsided_4,
          nicolae_vaults_windows_and_doors_thing,
          nicolae_vaults_ring_of_whatevers, vaults_room_stairs_pillars,
          nicolae_vaults_little_squares_4, vaults_dpeg_hooks,
          layout_vaults_omnibox, serial_shops, nicolae_shop_trees
Vaults:3: mu_enter_wizlab_4, hangedman_vaults_restitches,
          nicolae_vaults_c_with_doors, nicolae_vaults_what_the_h,
          nicolae_vaults_diagonal_hallway_8, ontoclasm_vaults_decontamination,
          nicolae_vaults_tetromino_Z_1, vaults_dpeg_diagonal,
          layout_vaults_omnigrid, serial_shops,
          nicolae_shop_bloodbath_and_beyond, uniq_mennas
Vaults:4: vaults_room_stairs_pillars, nicolae_vaults_mitosis,
          nicolae_vaults_puzzle_piece, dpeg_vaults_hating_casters,
          hangedman_vaults_impose, hangedman_vaults_stretched_pinwheel,
          nicolae_vaults_turnstiles, nicolae_vaults_storage_closets_1,
          hangedman_vaults_corner, ontoclasm_vaults_misaligned,
          vaults_mumra_minichess, nicolae_vaults_shelves_hall,
          layout_vaults_big_cross, nicolae_trove_entry_columns, serial_shops,
          shop, nicolae_shop_just_a_little_nook, shop, uniq_mara
Vaults:5
Depths:1: layout_roguey, abyss_entry_small_statue_room, hellmouth_1,
          chequers_serial_rivers_small_a, serial_library_hellmonk_secret_room,
          st_stairs_9, fedhas_altar_4
Depths:2: nicolae_cairo_tiling_large_dashed, layout_basic, grunt_metal_band,
          abyss_entry, pan_entry, infiniplex_staircase_zigzag_2
Depths:3: minmay_crescents, layout_cave_shapes, enter_ziggurat_b,
          chequers_serial_rivers_micro_a, abyss_entry, serial_shops, shop,
          hangedman_coc_ice_floe, nicolae_transmutations_shop,
          kennysheep_generic_room_13, minmay_shop_grove,
          infiniplex_staircase_squiggle
Depths:4: grunt_zot_entry_bicorn, layout_twisted_cross,
          hangedman_abyss_entry_splay, roderic_lattice_a, hell_entry,
          item_on_display_b
Zot:1:    layout_misc_corridors, regret_index_zotdec_banners, uniq_parghit
Zot:2:    layout_onion_interference, regret_index_zotdec_twisting_globes
Zot:3:    lemuel_acid_trip, layout_onion_interference, uniq_vv
Zot:4:    layout_cellular_growth, hangedman_zot_decor_unnerving_road
Zot:5:    layout_onion

Notes
Turn   | Place    | Note
-------+----------+-------------------------------------------
     0 | D:1      | Ruich the Human Conjurer began the quest for the Orb.
     0 | D:1      | Reached XP level 1. HP: 13/13 MP: 3/3
   342 | D:1      | Reached XP level 2. HP: 19/19 MP: 0/5
  1137 | D:2      | Reached XP level 3. HP: 24/24 MP: 2/6
  1253 | D:2      | Learned a level 2 spell: Searing Ray
  1995 | D:3      | Found a shimmering blue altar of Sif Muna.
  2306 | D:3      | Reached skill level 5 in Conjurations
  2630 | D:4      | Reached XP level 4. HP: 30/30 MP: 5/8
  2906 | D:4      | Found a glowing golden altar of the Shining One.
  3212 | D:4      | Noticed Robin
  3218 | D:4      | Killed Robin
  3220 | D:4      | Reached skill level 1 in Fighting
  3223 | D:4      | Reached skill level 3 in Spellcasting
  3437 | D:4      | Reached XP level 5. HP: 24/37 MP: 0/9
  4079 | D:4      | Noticed an ogre
  4174 | D:4      | Noticed a phantom
  4257 | D:5      | Entered Level 5 of the Dungeon
  4787 | D:4      | Reached XP level 6. HP: 44/44 MP: 3/11
  4875 | D:4      | Reached skill level 2 in Fighting
  4875 | D:4      | Reached skill level 6 in Conjurations
  5074 | D:5      | Noticed an ice beast
  5125 | D:5      | Found a staircase to the Ecumenical Temple.
  5134 | Temple   | Entered the Ecumenical Temple
  5500 | D:5      | Reached skill level 1 in Alchemy
  5548 | D:5      | Learned a level 4 spell: Fulminant Prism
  5594 | D:5      | Reached XP level 7. HP: 39/50 MP: 0/12
  5733 | D:5      | Reached skill level 2 in Alchemy
  6105 | D:5      | Reached skill level 3 in Alchemy
  6483 | D:5      | Found a sacrificial altar of Ru.
  6673 | D:6      | Found the +8 demon blade "Leech" {evervamp, Harm ^Drain
                  | rN+}
  6751 | D:6      | Reached skill level 4 in Alchemy
  7355 | D:6      | Reached XP level 8. HP: 46/56 MP: 5/13
  7650 | D:6      | Reached skill level 7 in Conjurations
  7940 | D:6      | Found an opulent altar of Gozag.
  8115 | D:6      | Reached skill level 3 in Fighting
  8617 | D:7      | Reached skill level 1 in Evocations
  8647 | D:7      | Reached skill level 8 in Conjurations
  8656 | D:7      | Reached skill level 2 in Evocations
  8830 | D:7      | Found a blossoming altar of Fedhas.
  9003 | D:7      | Learned a level 3 spell: Mephitic Cloud
  9158 | D:7      | Reached XP level 9. HP: 63/63 MP: 6/14
  9507 | D:7      | Reached skill level 3 in Evocations
  9582 | D:7      | Reached skill level 9 in Conjurations
  9655 | D:7      | Learned a level 2 spell: Blink
 10298 | D:8      | Reached skill level 4 in Spellcasting
 10298 | D:8      | Reached skill level 5 in Alchemy
 10575 | D:8      | Reached skill level 10 in Conjurations
 11335 | D:8      | Noticed a two-headed ogre
 11348 | D:8      | Killed a two-headed ogre
 11349 | D:8      | Reached skill level 4 in Fighting
 11349 | D:8      | Reached skill level 5 in Spellcasting
 11741 | D:9      | Found Zosuont's Distillery.
 11756 | D:8      | Reached skill level 5 in Fighting
 11756 | D:8      | Reached skill level 6 in Spellcasting
 11756 | D:8      | Reached XP level 10. HP: 63/74 MP: 8/19
 11757 | D:8      | Reached skill level 3 in Dodging
 11867 | D:9      | Found Larast's Elemental Accessories.
 12077 | D:9      | Noticed a two-headed ogre
 12443 | D:8      | Upgraded the game from 0.31.0 to 0.31.0-4-g52a2dc7128
 12690 | D:8      | Reached skill level 4 in Dodging
 12938 | D:9      | Reached skill level 6 in Fighting
 13134 | D:9      | Reached skill level 7 in Spellcasting
 13471 | D:9      | Reached skill level 5 in Dodging
 13852 | D:9      | Found a basalt altar of Yredelemnul.
 13852 | D:9      | Found an iron altar of Okawaru.
 13852 | D:9      | Found a radiant altar of Vehumet.
 13861 | D:9      | Became a worshipper of Vehumet
 13928 | D:9      | Reached skill level 7 in Fighting
 14083 | D:9      | Found a staircase to the Lair.
 14217 | D:10     | Entered Level 10 of the Dungeon
 14429 | D:10     | Reached XP level 11. HP: 52/84 MP: 22/22
 14614 | D:10     | Found a flagged portal.
 14621 | Bailey   | Entered a bailey
 14831 | D:10     | Found an opulent altar of Gozag.
 14831 | D:10     | Noticed a six-headed hydra
 14953 | D:10     | Reached skill level 11 in Conjurations
 15138 | Lair:1   | Entered Level 1 of the Lair of Beasts
 15252 | Lair:1   | Learned a level 4 spell: Iskenderun's Mystic Blast
 15648 | Lair:1   | Reached skill level 1 in Translocations
 15875 | Lair:1   | Reached skill level 8 in Fighting
 16005 | Lair:1   | Reached skill level 2 in Translocations
 16012 | Lair:1   | Reached * piety under Vehumet
 16012 | Lair:1   | Offered knowledge of Sting by Vehumet.
 16024 | Lair:1   | Reached skill level 9 in Fighting
 16497 | Lair:2   | Noticed a seven-headed hydra
 16562 | Lair:2   | Reached skill level 3 in Translocations
 16714 | Lair:2   | Reached skill level 10 in Fighting
 16844 | Lair:2   | Reached skill level 4 in Translocations
 17051 | Lair:2   | Reached skill level 11 in Fighting
 17156 | Lair:2   | Found a staircase to the Shoals.
 17184 | Lair:2   | Offered knowledge of Scorch by Vehumet.
 17188 | Lair:2   | Reached ** piety under Vehumet
 17189 | Lair:2   | Reached skill level 12 in Fighting
 17189 | Lair:2   | Reached skill level 5 in Translocations
 17196 | Lair:2   | Reached XP level 12. HP: 102/102 MP: 18/23
 17337 | Lair:2   | Noticed a four-headed hydra
 17346 | Lair:2   | Killed a four-headed hydra
 18311 | Lair:1   | Reached skill level 1 in Shields
 18743 | Lair:2   | Identified a scroll of acquirement
 18746 | Lair:2   | Acquired the Volume of the Wary Tales
 19150 | Lair:2   | Killed a seven-headed hydra
 19151 | Lair:2   | Reached skill level 12 in Conjurations
 19714 | Lair:2   | Learned a level 7 spell: Orb of Destruction
 19918 | Lair:2   | Reached skill level 13 in Conjurations
 20261 | Lair:3   | Identified a +1 robe of resistance
 20561 | Lair:3   | Found a staircase to the Snake Pit.
 21039 | Lair:4   | Noticed a skyshark
 21231 | Lair:3   | Killed a skyshark
 21380 | Lair:4   | Noticed a skyshark
 21396 | Lair:3   | Reached skill level 14 in Conjurations
 21947 | Lair:4   | Noticed a five-headed hydra
 21954 | Lair:4   | Offered knowledge of Inner Flame by Vehumet.
 22187 | Lair:4   | Reached XP level 13. HP: 109/109 MP: 18/24
 22701 | Lair:4   | Identified the +6 dagger "Zucweirch" {drain, rN+ Dex-2
                  | SInv}
 22939 | Lair:4   | Reached skill level 15 in Conjurations
 24736 | D:10     | Found a shimmering altar of Xom.
 24830 | D:9      | Bought a potion of curing for 42 gold pieces
 24830 | D:9      | Bought a potion of curing for 42 gold pieces
 24960 | D:10     | Found a shimmering altar of Xom.
 25505 | D:10     | Found an opulent altar of Gozag.
 25984 | D:10     | Found a shimmering altar of Xom.
 26041 | D:10     | Found an opulent altar of Gozag.
 27343 | D:11     | Found a staircase to the Orcish Mines.
 28544 | D:11     | Noticed Erolcha
 28579 | D:11     | Killed Erolcha
 28579 | D:11     | Reached *** piety under Vehumet
 28580 | D:11     | Reached skill level 16 in Conjurations
 29187 | D:12     | Reached skill level 2 in Shields
 29807 | D:12     | Reached skill level 3 in Shields
 30360 | D:12     | Noticed Psyche
 30386 | D:12     | Paralysed by Psyche for 3 turns
 30387 | D:12     | Killed Psyche
 30405 | D:12     | Reached skill level 6 in Dodging
 30987 | D:12     | Reached skill level 13 in Fighting
 30994 | D:12     | Reached skill level 4 in Shields
 31086 | D:13     | Identified the +8 shortbow "Yxkisosk" {elec, rC+ Int-5
                  | Stlth+}
 31369 | D:13     | Found a gate to the Vaults.
 31369 | D:13     | Noticed an ironbound preserver
 31550 | D:12     | Killed an ironbound preserver
 31949 | D:13     | Reached skill level 5 in Shields
 31956 | D:13     | Reached skill level 7 in Dodging
 32027 | D:13     | Reached XP level 14. HP: 119/119 MP: 25/25
 32259 | D:13     | Found Hiula's Distillery.
 32804 | D:14     | Found an iron altar of Okawaru.
 33194 | D:14     | Reached skill level 14 in Fighting
 33274 | D:14     | Got Sif Muna's Folio of Maleficia and Alteration
 33791 | D:14     | Reached skill level 6 in Shields
 34188 | D:14     | Reached skill level 8 in Dodging
 34348 | D:14     | Identified 2 potions of resistance
 34630 | D:15     | Entered Level 15 of the Dungeon
 35172 | D:14     | Reached skill level 3 in Stealth
 35655 | D:15     | Offered knowledge of Sticky Flame by Vehumet.
 35891 | D:15     | Reached skill level 4 in Stealth
 36616 | D:15     | Reached skill level 5 in Stealth
 37559 | D:15     | Reached skill level 6 in Stealth
 37690 | D:15     | Reached skill level 15 in Fighting
 37867 | D:15     | Noticed a dire elephant
 38112 | D:15     | Killed a dire elephant
 38113 | D:15     | Reached skill level 9 in Dodging
 38473 | D:15     | Found a staircase to the Depths.
 38668 | Orc:1    | Entered Level 1 of the Orcish Mines
 38675 | Orc:1    | Reached skill level 7 in Stealth
 39395 | Orc:1    | Found a burning altar of Makhleb.
 39399 | Orc:1    | Noticed Erica
 39402 | Orc:1    | Killed Erica
 39422 | Orc:1    | Reached **** piety under Vehumet
 39860 | Orc:1    | Noticed Urug
 39868 | Orc:1    | Killed Urug
 40220 | Orc:2    | Entered Level 2 of the Orcish Mines
 40224 | Orc:2    | Reached skill level 8 in Stealth
 40228 | Orc:2    | Noticed Saint Roka
 40414 | Orc:2    | Offered knowledge of Freezing Cloud by Vehumet.
 40545 | Orc:2    | Found a staircase to the Elven Halls.
 40550 | Orc:2    | Reached XP level 15. HP: 129/129 MP: 21/26
 41295 | Orc:2    | Reached skill level 10 in Dodging
 43442 | Orc:2    | Reached skill level 1 in Armour
 44095 | Orc:2    | Reached skill level 2 in Armour
 44539 | Orc:2    | Found Qeceddum's Magic Scroll Shop.
 44828 | Orc:2    | Reached skill level 3 in Armour
 44986 | Orc:2    | Found Keagueve's General Store.
 45454 | Orc:2    | Reached skill level 4 in Armour
 46121 | Orc:2    | Reached skill level 5 in Armour
 46905 | Orc:2    | Identified a +2 robe of resistance
 46930 | Orc:2    | Found Qeceddum's Magic Scroll Shop.
 46933 | Orc:2    | Found Keagueve's General Store.
 46982 | Orc:2    | Found a staircase to the Elven Halls.
 47585 | Orc:2    | Learned a level 5 spell: Freezing Cloud
 47644 | Orc:2    | Reached skill level 6 in Armour
 47644 | Orc:2    | Reached skill level 1 in Ice Magic
 47749 | Orc:2    | Reached skill level 2 in Ice Magic
 47874 | Orc:2    | Found Teezxegg's Jewellery Shoppe.
 47874 | Orc:2    | Found Inotuel's Antique Armour Emporium.
 47875 | Orc:2    | Found a one-way gate leading to the halls of Pandemonium.
 47890 | Orc:2    | Reached skill level 3 in Ice Magic
 47970 | Orc:2    | Bought the +3 pair of mountain boots {steadfast, rC+} for
                  | 1105 gold pieces
 47970 | Orc:2    | Found the +3 pair of mountain boots {steadfast, rC+}
 47970 | Orc:2    | Bought a jewelled ring mail for 297 gold pieces
 47970 | Orc:2    | Identified the +5 ring mail of Happy Babbling {^Drain
                  | +Blink Regen+} (You bought it in a shop on level 2 of the
                  | Orcish Mines)
 48255 | Orc:1    | Killed Saint Roka
 48425 | Orc:2    | Bought a scroll of enchant armour for 90 gold pieces
 48652 | Snake:1  | Entered Level 1 of the Snake Pit
 48729 | Snake:1  | Reached skill level 4 in Ice Magic
 49829 | Snake:1  | Reached ***** piety under Vehumet
 49829 | Snake:1  | Offered knowledge of Iskenderun's Battlesphere by Vehumet.
 50067 | Snake:1  | Reached skill level 5 in Ice Magic
 50885 | Snake:2  | Reached skill level 7 in Armour
 51182 | Snake:2  | Learned a level 5 spell: Iskenderun's Battlesphere
 51814 | Snake:2  | Reached skill level 8 in Armour
 51896 | Snake:2  | Reached XP level 16. HP: 136/136 MP: 13/27
 52247 | Snake:2  | Reached skill level 8 in Spellcasting
 52271 | Snake:2  | Reached skill level 17 in Conjurations
 52483 | Snake:2  | Found Orapyh's Antique Weapon Boutique.
 52487 | Snake:2  | Found Runuic's Book Shop.
 52909 | Snake:2  | Noticed Agnes
 52925 | Snake:2  | Reached skill level 9 in Armour
 52929 | Snake:2  | Killed Agnes
 53972 | Snake:2  | Acquired the staff of the Scavenger {Will+ Conj Earth}
 54514 | Orc:2    | Bought a scroll of amnesia for 48 gold pieces
 54521 | Orc:2    | Learned a level 5 spell: Irradiate
 54916 | Snake:3  | Found Reyq Yra's Distillery.
 55841 | Snake:3  | Reached skill level 9 in Spellcasting
 55852 | Snake:3  | Offered knowledge of Yara's Violent Unravelling by Vehumet.
 56542 | Snake:4  | Entered Level 4 of the Snake Pit
 56933 | Snake:4  | Reached skill level 10 in Armour
 57335 | Snake:4  | Reached skill level 10 in Spellcasting
 57835 | Snake:4  | Reached XP level 17. HP: 142/142 MP: 22/31
 58221 | Snake:4  | Identified the serpent talisman of the Invisible Hand {rN+
                  | Int+2 Dex-5}
 58221 | Snake:4  | Noticed Aizul
 58224 | Snake:4  | Killed Aizul
 58777 | Snake:4  | Reached skill level 18 in Conjurations
 59435 | Snake:4  | Reached skill level 11 in Spellcasting
 60218 | Snake:4  | Offered knowledge of Lee's Rapid Deconstruction by Vehumet.
 60562 | Snake:4  | Reached skill level 7 in Shields
 60912 | Snake:4  | Reached skill level 8 in Shields
 61554 | Snake:4  | Reached skill level 9 in Shields
 61667 | Snake:4  | Got a serpentine rune of Zot
 62136 | Shoals:1 | Entered Level 1 of the Shoals
 62661 | Shoals:1 | Reached skill level 10 in Shields
 63121 | Shoals:1 | Found Nyingor's CLEARANCE SALE!.
 63619 | Shoals:1 | Upgraded the game from 0.31.0-4-g52a2dc7128 to
                  | 0.31.0-7-gf635a9b802
 63669 | Shoals:2 | Identified the staff of Extermination {rPois rF+ Str-4
                  | Int+3 Fire}
 63719 | Shoals:2 | Reached XP level 18. HP: 151/151 MP: 31/33
 64272 | Shoals:2 | Offered knowledge of Bombard by Vehumet.
 64273 | Shoals:2 | Reached skill level 16 in Fighting
 65991 | Shoals:4 | Entered Level 4 of the Shoals
 66227 | Shoals:4 | Reached skill level 12 in Spellcasting
 67244 | Shoals:3 | Reached skill level 19 in Conjurations
 67327 | Shoals:4 | Identified the +6 eveningstar of Vikeotie {flame, rCorr}
 67778 | Shoals:4 | Offered knowledge of Spellforged Servitor by Vehumet.
 68132 | Shoals:4 | Reached skill level 9 in Stealth
 68371 | Shoals:4 | Got a barnacled rune of Zot
 69081 | Vaults:1 | Entered Level 1 of the Vaults
 70209 | Vaults:1 | Reached skill level 20 in Conjurations
 70334 | Vaults:1 | Reached skill level 10 in Stealth
 70430 | Vaults:1 | Reached XP level 19. HP: 157/157 MP: 14/35
 70693 | Vaults:1 | Found Beot's Weapon Boutique.
 70782 | Vaults:1 | Offered knowledge of Eringya's Noxious Bog by Vehumet.
 72880 | Vaults:1 | Reached skill level 21 in Conjurations
 73712 | Vaults:2 | Learned a level 3 spell: Teleport Other
 74412 | Vaults:2 | Reached skill level 11 in Dodging
 75286 | Vaults:1 | Offered knowledge of Plasma Beam by Vehumet.
 76169 | Vaults:2 | Found Nymaqim's Antique Weapon Shop.
 76604 | Vaults:2 | Reached skill level 17 in Fighting
 76729 | Vaults:2 | Noticed a curse skull
 76925 | Vaults:3 | Found Boitousa's Weapon Boutique.
 77247 | Vaults:3 | Found a magical portal.
 77256 | WizLab   | Entered Doroklohe's Tomb
 77430 | Vaults:3 | Noticed Mennas
 78415 | Vaults:3 | Reached XP level 20. HP: 168/168 MP: 27/36
 79603 | Vaults:3 | Reached skill level 22 in Conjurations
 80254 | Vaults:3 | Reached skill level 12 in Dodging
 81573 | Vaults:4 | Found a portal to a secret trove of treasure.
 82321 | Vaults:4 | Reached skill level 11 in Shields
 83075 | Vaults:4 | Reached skill level 18 in Fighting
 83571 | Vaults:4 | Reached skill level 12 in Shields
 83880 | Vaults:4 | Reached XP level 21. HP: 177/177 MP: 20/37
 84245 | Vaults:4 | Noticed Mara
 84249 | Vaults:4 | Killed Mara
 84483 | Vaults:4 | Found Jaruuj's Book Emporium.
 84486 | Vaults:4 | Found Dyoponer's General Store.
 84491 | Vaults:4 | Bought a book of Party Tricks for 286 gold pieces
 84493 | Vaults:4 | Learned a level 1 spell: Apportation
 84501 | Vaults:4 | Bought the Elucidation of the Feculent Tempest for 416 gold
                  | pieces
 84505 | Vaults:4 | Learned a level 3 spell: Swiftness
 84555 | Vaults:4 | Reached skill level 1 in Air Magic
 84697 | Vaults:4 | Reached skill level 2 in Air Magic
 84912 | Vaults:4 | Reached skill level 13 in Shields
 85201 | Vaults:4 | Found Zugoethru's Magic Scroll Boutique.
 85205 | Vaults:4 | Bought a scroll of acquirement for 988 gold pieces
 85209 | Vaults:4 | Acquired 429 gold pieces
 85673 | Elf:1    | Entered Level 1 of the Elven Halls
 85762 | Elf:1    | Reached skill level 3 in Air Magic
 86214 | Elf:1    | Paralysed by an air elemental for 1 turns
 86246 | Elf:1    | Reached ****** piety under Vehumet
 86251 | Elf:1    | Reached skill level 4 in Air Magic
 86300 | Elf:1    | Learned a level 3 spell: Stone Arrow
 86514 | Elf:1    | Offered knowledge of Lehudib's Crystal Spear by Vehumet.
 86514 | Elf:1    | Offered knowledge of Fire Storm by Vehumet.
 86514 | Elf:1    | Offered knowledge of Shatter by Vehumet.
 86578 | Elf:1    | Found a flickering gateway to a bazaar.
 86584 | Bazaar   | Entered a bazaar
 86585 | Bazaar   | Found Puabrau's Book Emporium.
 86594 | Bazaar   | Found Janynoma's Weapon Boutique.
 86594 | Bazaar   | Found Noblemi's Weapon Boutique.
 86603 | Bazaar   | Found Rurgh's Distillery.
 86735 | Elf:1    | Paralysed by an air elemental for 1 turns
 86736 | Elf:1    | Reached skill level 1 in Earth Magic
 86805 | Elf:1    | Reached skill level 2 in Earth Magic
 87007 | Elf:1    | Identified the +1 leather armour "Hyeragg" {rF++ Regen+
                  | Str+5}
 87641 | Elf:1    | Upgraded the game from 0.31.0-7-gf635a9b802 to
                  | 0.31.0-9-g3a7656b989
 87644 | Elf:2    | Noticed Roxanne
 87758 | Elf:1    | Reached skill level 3 in Earth Magic
 87934 | Elf:2    | Reached skill level 4 in Earth Magic
 87965 | Elf:2    | Found Posm's Weapon Shoppe.
 88428 | Elf:2    | Reached skill level 5 in Earth Magic
 88590 | Elf:2    | Reached skill level 6 in Earth Magic
 88758 | Elf:2    | Found a runed translucent gate.
 88758 | Elf:2    | Found a runed translucent gate.
 88762 | Elf:2    | Found a runed translucent gate.
 88852 | Elf:2    | Noticed Azrael
 88857 | Elf:2    | Killed Azrael
 89235 | Elf:2    | Killed Roxanne
 89386 | Elf:3    | Entered Level 3 of the Elven Halls
 89430 | Elf:3    | Reached skill level 7 in Earth Magic
 89476 | Elf:3    | Found a transporter.
 89477 | Elf:3    | Found a transporter.
 89729 | Elf:3    | Found Plog's Antique Weapon Shoppe.
 89731 | Elf:3    | Found Hutixug's Jewellery Emporium.
 90255 | Elf:3    | Found a transporter.
 90275 | Elf:3    | Found a transporter.
 90317 | Elf:3    | Found a transporter.
 90319 | Elf:3    | Found a transporter.
 90338 | Elf:3    | Found Pune's Assorted Antiques.
 90346 | Elf:3    | Bought a scroll of amnesia for 136 gold pieces
 90691 | Snake:2  | Bought a book of Power for 798 gold pieces
 90700 | Snake:2  | Learned a level 7 spell: Spellforged Servitor
 90998 | Orc:2    | Bought a scroll of revelation for 90 gold pieces
 90998 | Orc:2    | Bought a scroll of amnesia for 48 gold pieces
 91281 | Elf:3    | Reached skill level 1 in Summonings
 91287 | Elf:3    | Noticed Nikola
 91296 | Elf:3    | Killed Nikola
 91297 | Elf:3    | Reached skill level 2 in Summonings
 91525 | Elf:3    | Reached skill level 3 in Summonings
 91634 | Elf:3    | Learned a level 8 spell: Lehudib's Crystal Spear
 91774 | Elf:3    | Reached XP level 22. HP: 186/186 MP: 31/38
 91959 | Elf:3    | Reached skill level 8 in Earth Magic
 92092 | Elf:3    | Identified the ring "Sikhlerore" {rPois rCorr Str+4 Dex-5
                  | SInv Stlth+}
 92265 | Elf:3    | Reached skill level 4 in Summonings
 92785 | Elf:3    | Identified the +0 scale mail of the Abyss {Harm *Corrode
                  | SInv}
 92805 | Elf:3    | Reached skill level 9 in Earth Magic
 93040 | Elf:3    | Reached skill level 5 in Summonings
 93047 | Elf:3    | Identified the +4 mace of Corruption {antimagic, Str+3}
 93462 | Elf:3    | Identified the staff "Camuve" {rF- rC+ Str+8 Int-2 Hexes
                  | Ice}
 94131 | Depths:1 | Entered Level 1 of the Depths
 94200 | Depths:1 | Reached skill level 10 in Earth Magic
 94465 | Depths:1 | Found a gateway to Hell.
 94620 | Depths:1 | Got the Notes on Fulgurant Rallying
 94782 | Depths:1 | Reached skill level 11 in Earth Magic
 95063 | Depths:1 | Found a blossoming altar of Fedhas.
 95903 | Depths:1 | Found a one-way gate to the infinite horrors of the Abyss.
 96104 | Depths:2 | Reached skill level 12 in Earth Magic
 96245 | Depths:2 | Noticed Margery
 96246 | Depths:2 | Ruich: ??margery
 96246 | Depths:2 | beem: margery[1/2]: A lithe spellcaster escorted by hell
                  | knights. Usually wearing fire, acid, or swamp dragon
                  | scales. Spells: bolt of fire, fireball.
 96246 | Depths:2 | Ruich: ??margery[2]
 96246 | Depths:2 | beem: hell knight[2/2]: 44.4% no brand, 28.9% flaming,
                  | 8.89% draining, 8.89% vorpal, 4.44% pain, 4.44% distortion.
 96249 | Depths:2 | Killed Margery
 96914 | Depths:2 | Reached skill level 13 in Earth Magic
 97946 | Depths:3 | Ruich: ??depths
 97946 | Depths:3 | beem: depths[1/1]: The liminal space between D and Zot.
                  | Guaranteed to hold at least one portal to each of a
                  | Ziggurat, Hell, Pandemonium, and the Abyss. Known for
                  | having lots of massive, floor-wide vaults.
 98417 | Depths:3 | Found Nimokaicw's General Store.
 99243 | Depths:3 | Found Tyqaura's Changing Room.
 99246 | Depths:3 | Reached XP level 23. HP: 192/192 MP: 26/39
 99256 | Depths:3 | Learned a level 5 spell: Borgnjor's Vile Clutch
 99871 | Depths:3 | Reached skill level 1 in Necromancy
100367 | Depths:3 | Reached skill level 2 in Necromancy
100376 | Depths:3 | Noticed a golden dragon
100411 | Depths:3 | Killed a golden dragon
100412 | Depths:3 | Reached skill level 3 in Necromancy
100601 | Depths:3 | Reached skill level 14 in Earth Magic
101113 | Depths:3 | Reached skill level 4 in Necromancy
101257 | Depths:3 | Found a one-way gateway to a ziggurat.
101460 | Depths:3 | Reached skill level 5 in Necromancy
101910 | Depths:3 | Found Yhisk's Book Shoppe.
101911 | Depths:3 | Found Sozykk's Jewellery Boutique.
101911 | Depths:3 | Found Emeluraw's Jewellery Boutique.
101924 | Depths:3 | Ruich: ??slay
101924 | Depths:3 | beem: slay ~ slaying[1/1]: Added to your weapon
                  | {enchantment}. Magic is unaffected, throwing and unarmed
                  | combat are affected.
101924 | Depths:3 | Bought the ring of Moderation {Wiz Int+5 Slay-4 SInv} for
                  | 628 gold pieces
101931 | Depths:3 | Bought the ring of Maguth {rPois rC+ Dex+2} for 525 gold
                  | pieces
101931 | Depths:3 | Bought a ring of willpower for 325 gold pieces
102515 | Depths:4 | Entered Level 4 of the Depths
103345 | Depths:4 | Reached skill level 6 in Summonings
103360 | Depths:4 | Reached skill level 6 in Necromancy
104859 | Depths:4 | Found a gate to the Realm of Zot.
105051 | Depths:4 | Identified the +1 robe "Rap Tuh" {rF+ rC+ Regen+ Archmagi}
105532 | Vaults:4 | Ruich: ??escape hatch
105532 | Vaults:4 | beem: escape hatch[1/1]: One-way stairs that always take
                  | you to the same position on the next level. Yes, monsters
                  | can follow you through them as usual.
105607 | Vaults:5 | Entered Level 5 of the Vaults
105789 | Vaults:4 | Reached skill level 19 in Fighting
106109 | Vaults:5 | Reached skill level 13 in Dodging
106385 | Vaults:5 | Reached XP level 24. HP: 199/200 MP: 25/39
106916 | Vaults:5 | Identified the +4 rapier of a volcano {heavy, rPois rN+
                  | MP-9}
107002 | Vaults:5 | Noticed an ancient lich
107013 | Vaults:5 | Killed an ancient lich
107400 | Vaults:5 | Reached skill level 14 in Dodging
108036 | Vaults:5 | Identified the +3 dagger "Kyxkoefe" {vamp, Int+2}
108042 | Vaults:5 | Reached skill level 20 in Fighting
108345 | Vaults:5 | Identified the +0 troll leather armour "Meanten" {Regen+
                  | Int+3}
109037 | Vaults:5 | Identified the +11 chain mail of the Depths {rElec rPois
                  | Slay+2}
109190 | Vaults:5 | Got the Incunabulum of the Iceberg and Cleavage
109846 | Vaults:5 | Reached skill level 15 in Dodging
110509 | Vaults:5 | Got a silver rune of Zot
111860 | Depths:4 | Upgraded the game from 0.31.0-9-g3a7656b989 to
                  | 0.31.0-10-gcf4a605ca0
111862 | Zot:1    | Entered Level 1 of the Realm of Zot
111862 | Zot:1    | Noticed Parghit
111863 | Zot:1    | Ruich: ??parghit
111863 | Zot:1    | beem: parghit[1/1]: An alt-timeline version of Pargi. Hits
                  | like a wrecking ball, throws large rocks, and regenerates
                  | 27 (!!) hp/turn. Comes with some great gold dragon scales,
                  | maybe even the Dragon King's. Don't mess with this troll!
                  | New in 0.29.
111864 | Zot:1    | Killed Parghit
111865 | Zot:1    | Reached skill level 14 in Shields
112524 | Vaults:4 | You paid a toll of +3 storm dragon scales to enter a
                  | treasure trove
112525 | Trove    | Entered a treasure trove
112536 | Trove    | Identified the amulet of Okawaru's Grace {RegenMP Will+
                  | Str+3 Slay+5 Stlth-}
112541 | Trove    | Identified the ring of Symmetry {Dex+6 Stlth+}
112544 | Trove    | Identified the amulet "Goutedits" {RegenMP rElec rPois MP-9
                  | Dex+5}
112546 | Trove    | Identified the ring of Pifeal {rPois Int+3}
112549 | Trove    | Identified the ring of the Tick {rCorr EV+5 Stlth+}
112551 | Trove    | Identified the ring of the Devil {Fire rCorr Str+5 Dex+3}
112554 | Trove    | Identified the amulet of the Five Mouths {RegenMP rElec}
112565 | Trove    | Identified the ring "Deumpev" {rC+ SInv}
112571 | Trove    | Identified the ring "Loej Qerr" {rPois rC+ Str+6 Dex+2}
112573 | Trove    | Identified the amulet of Ybanit {RegenMP *Corrode MP+9
                  | Dex+4}
112576 | Trove    | Identified the ring of Heicug {Will+ SInv}
112582 | Trove    | Identified the amulet of Ryfok {Acrobat Str+6}
113064 | Zot:1    | Ruich: ??constr
113064 | Zot:1    | beem: I don't have a page labeled constr in my learndb.
113064 | Zot:1    | Ruich: ??constriction
113064 | Zot:1    | beem: constriction[1/6]: Nagas, octopodes (both player and
                  | monster), ball pythons, anacondas, tentacles- both vanilla
                  | and eldritch flavours- and tentacled monstrosities get this
                  | as an extra attack. Holds the target in place and deals
                  | increasing damage over time.
113321 | Zot:1    | Reached skill level 15 in Shields
113780 | Depths:4 | Reached XP level 25. HP: 205/212 MP: 29/39
115213 | Zot:2    | Reached skill level 21 in Fighting
115591 | Zot:2    | Reached skill level 11 in Stealth
118190 | Zot:3    | Reached skill level 12 in Stealth
118286 | Zot:3    | Noticed an orb of fire
118292 | Zot:3    | Killed an orb of fire
118365 | Zot:3    | Reached skill level 22 in Fighting
118797 | Zot:3    | Noticed Vv
118997 | Zot:2    | Learned a level 5 spell: Lee's Rapid Deconstruction
119391 | Zot:2    | Killed Vv
119923 | Zot:3    | Noticed a curse toe
119927 | Zot:3    | Killed a curse toe
120488 | Zot:3    | Reached skill level 13 in Stealth
122417 | Zot:3    | Reached XP level 26. HP: 227/227 MP: 18/39
122607 | Zot:3    | Reached skill level 23 in Fighting
122823 | Zot:3    | Acquired the amulet "Qyh Jot" {RegenMP Will+ Dex+3}
123062 | Zot:3    | Noticed a Killer Klown
123233 | Zot:3    | Killed a Killer Klown
123503 | Zot:3    | Reached skill level 14 in Stealth
125446 | Zot:4    | Reached skill level 15 in Stealth
126203 | Zot:4    | Got the Octavo of Cunning Argyropoeia
126266 | Zot:4    | Noticed a curse toe
126266 | Zot:4    | Noticed a curse toe
126282 | Zot:4    | Killed a curse toe
126918 | Zot:4    | Noticed an orb of fire
126919 | Zot:4    | Killed a curse toe
126922 | Zot:4    | Killed an orb of fire
127763 | Zot:4    | Skryme: ??subscribe
127763 | Zot:4    | beem: I don't have a page labeled subscribe in my learndb.
127763 | Zot:4    | Skryme: ??follow
127763 | Zot:4    | beem: I don't have a page labeled follow in my learndb.
127763 | Zot:4    | Ruich: i think it might be !subscribe maybe?
127773 | Zot:5    | Entered Level 5 of the Realm of Zot
127775 | Zot:5    | Skryme: Hahah. Thanks!
127775 | Zot:5    | Skryme: !subscribe
127775 | Zot:5    | beem: Subscribed. I will now watch all games of user
                  | Skryme.
127775 | Zot:5    | Skryme: And.. best of luck. I interrupted at a momentous
                  | time.
127775 | Zot:5    | Ruich: all good thanks! lol
127775 | Zot:5    | Skryme: Really interesting staff you've got there. Give
                  | 'em hell!
127777 | Zot:4    | Skryme: Woah. Ehancer staff with Vehumet and an archmagi
                  | robe. You are the ultimate wizard.
127777 | Zot:4    | Ruich: yeah got pretty lucky lol
127777 | Zot:4    | Ruich: found a jewelry treasure trove too
127777 | Zot:4    | Skryme: That is nuts. It's like you came back from a Zig
                  | run.
128507 | Zot:5    | Reached skill level 24 in Fighting
129088 | Zot:5    | Noticed an orb of fire
129096 | Zot:5    | Gained mutation: You are clumsy. (Dex -2) [an orb of fire]
129102 | Zot:5    | Killed an orb of fire
129359 | Zot:5    | Noticed a Killer Klown
129369 | Zot:5    | Killed a Killer Klown
129404 | Zot:5    | Noticed an orb of fire
129404 | Zot:5    | Noticed an electric golem
129423 | Zot:5    | Killed an electric golem
129426 | Zot:5    | Killed an orb of fire
129519 | Zot:5    | Noticed a Killer Klown
129525 | Zot:5    | Noticed an ancient lich
129534 | Zot:5    | Killed an ancient lich
129548 | Zot:5    | Killed a Killer Klown
129758 | Zot:5    | Reached skill level 25 in Fighting
129986 | Zot:5    | Noticed a Killer Klown
130009 | Zot:5    | Killed a Killer Klown
130230 | Zot:5    | Noticed a dread lich
130236 | Zot:5    | Killed a dread lich
130237 | Zot:5    | Reached XP level 27. HP: 224/242 MP: 21/39
130328 | Zot:5    | Noticed an orb of fire
130335 | Zot:5    | Killed an orb of fire
130414 | Zot:5    | Noticed an ancient lich
130418 | Zot:5    | Killed an ancient lich
130460 | Zot:5    | Noticed an ancient lich
130464 | Zot:5    | Killed an ancient lich
130507 | Zot:5    | Noticed an electric golem
130514 | Zot:5    | Killed an electric golem
130639 | Zot:5    | Noticed an ancient lich
130643 | Zot:5    | Killed an ancient lich
130769 | Zot:5    | Reached skill level 26 in Fighting
132143 | Depths:3 | Bought a potion of haste for 190 gold pieces
132143 | Depths:3 | Bought a scroll of fog for 76 gold pieces
132433 | Zot:5    | Got the Orb of Zot
132491 | Zot:4    | Noticed Niuwaath the pandemonium lord
132750 | D:12     | Noticed Sogaixish the pandemonium lord
133047 | D:$      | Escaped with the Orb!

Vanquished Creatures
  A dread lich (Zot:5)
  2 orbs of fire
  Mara (Vaults:4)
  5 ancient liches
  5 Killer Klowns
  Parghit (Zot:1)
  2 curse toes
  Saint Roka (Orc:1)
  Margery (Depths:2)
  5 golden dragons
  Nikola (Elf:3)
  15 tentacled monstrosities
  An electric golem (Zot:5)
  21 Orb Guardians
  A walking earthen tome (Depths:3)
  3 liches
  A walking frostbound tome (Depths:2)
  A deep elf blademaster (Elf:3)
  A titan (Depths:3)
  2 sphinxes
  A deep elf master archer (Elf:3)
  8 quicksilver dragons
  8 death cobs
  4 acid blobs (Zot:3)
  Agnes (Snake:2)
  2 tengu reavers (Vaults:5)
  6 storm dragons
  9 shadow dragons
  Roxanne (Elf:2)
  4 protean progenitors
  Aizul (Snake:4)
  6 nagarajas (Snake:4)
  2 fire giants
  5 frost giants
  6 draconian shifters
  3 draconian monks
  7 deep elf sorcerers
  27 ironbound preservers
  6 draconian knights
  4 ghost moths
  17 vault wardens
  3 deep elf elementalists (Elf:3)
  2 draconian scorchers
  An iron dragon (Depths:4)
  7 draconian annihilators
  2 orc warlords
  2 spriggan defenders (Depths:3)
  4 draconian stormcallers
  4 ironbound thunderhulks
  8 very ugly things
  4 formless jellyfish
  9 stone giants
  3 deep elf demonologists
  8 green draconians
  2 vampire knights
  13 dire elephants
  3 war gargoyles
  3 black draconians
  10 purple draconians
  4 deep elf annihilators
  3 deep elf death magi
  4 white draconians
  4 red draconians
  Azrael (Elf:2)
  2 spark wasps (Zot:4)
  6 crystal guardians
  19 yellow draconians
  2 merfolk javelineers
  3 fire dragons
  5 deep elf high priests
  8 merfolk impalers
  2 jiangshi (Depths:2)
  An entropy weaver (Vaults:2)
  14 yaktaur captains
  13 great orbs of eyes
  2 salamander tyrants (Snake:4)
  8 ettins
  4 ice dragons
  3 rakshasas
  Erolcha (D:11)
  3 spriggan air magi (Depths:3)
  A hell beast (D:10)
  2 demonspawn (Orc:2)
  5 peacekeepers
  22 vault guards
  4 merfolk aquamancers
  Erica (Orc:1)
  2 merfolk avatars
  A radroach (shapeshifter) (Depths:3)
  7 ironbound frosthearts
  A satyr (Shoals:4)
  7 hydras
  4 ogre magi
  10 anacondas
  15 two-headed ogres
  5 boulder beetles
  6 centaur warriors
  A death knight (D:15)
  An alligator snapping turtle (Shoals:4)
  18 naga warriors
  16 dancing weapons
  A sphinx skeleton (Vaults:4)
  4 deep troll earth magi
  A spriggan (Depths:3)
  A spriggan berserker (Depths:3)
  A hell hog (D:8)
  5 deep troll shamans
  7 orc high priests
  9 naga sharpshooters
  7 shock serpents
  Urug (Orc:1)
  A sun demon (Depths:1)
  4 skeletal warriors (D:15)
  14 deep elf knights
  A shock serpent (shapeshifter) (Vaults:5)
  6 skysharks
  6 iron trolls
  6 hell knights
  5 salamander mystics
  A glowing orange brain (shapeshifter) (Elf:2)
  2 orb spiders (shapeshifter) (Elf:1)
  2 glowing orange brains
  A sixfirhy (Depths:3)
  57 deep trolls
  23 mana vipers
  18 sea snakes
  6 lindwurms
  11 arcanists
  13 orc knights
  11 ironbound convokers
  12 deep elf archers
  A mana viper (shapeshifter) (Elf:1)
  9 naga ritualists
  An obsidian statue (Zot:5)
  18 deep elf zephyrmancers
  6 harpies
  4 phantasmal warriors
  A wolf spider (D:15)
  4 oklob plants
  30 deep elf pyromancers
  4 necromancers
  9 orc sorcerers
  12 salamanders
  35 ugly things
  11 manticores
  5 fauns (Shoals:1)
  2 elephants
  2 wolf spiders (shapeshifter)
  6 cyclopes
  3 meliai (D:14)
  21 moths of wrath
  2 kobold blastminers
  2 meliai (shapeshifter) (Elf:1)
  11 guardian serpents
  22 vault sentinels
  9 water nymphs
  A smoke demon (Orc:2)
  5 nameless horrors
  8 merfolk sirens
  19 naga magi
  38 black mambas
  3 cane toads
  A gargoyle (D:14)
  3 unseen horrors
  A human zombie (Vaults:4)
  29 yaktaurs
  A hellion (Depths:1)
  A rime drake (Lair:3)
  A kobold demonologist (D:12)
  8 komodo dragons
  An ice devil (D:12)
  Psyche (D:12)
  10 trolls
  5 freezing wraiths
  A queen bee (Lair:1)
  18 merfolk
  A red devil (Orc:2)
  2 polar bears
  A queen bee (shapeshifter) (Elf:1)
  A tengu simulacrum (Vaults:4)
  A tyrant leech (Zot:3)
  6 wind drakes
  13 blink frogs
  5 glass eyes
  3 hornets (Depths:3)
  15 snapping turtles
  A stone giant simulacrum (Vaults:4)
  4 air elementals
  3 wyverns
  38 slime creatures
  A shadow (D:10)
  12 water elementals
  4 wraiths
  A ynoxinul (Orc:2)
  10 fire elementals
  3 basilisks
  A basilisk (shapeshifter) (Elf:3)
  9 wargs
  31 yaks
  A steam dragon (D:9)
  2 vampire mosquitoes (D:13)
  2 redbacks (Vaults:2)
  2 acid dragons
  55 nagas
  3 hell hounds (Elf:2)
  5 water moccasins
  An ogre skeleton (Vaults:4)
  2 ice beasts
  40 orc warriors
  A boggart (Vaults:1)
  2 black bears
  3 sky beasts
  A laughing skull (D:13)
  9 ogres
  16 wolves
  5 centaurs
  A phantom (D:4)
  A bullfrog (shapeshifter) (Elf:1)
  7 bullfrogs
  A scorpion (D:5)
  4 earth elementals
  8 wights
  32 killer bees
  5 howler monkeys
  9 electric eels
  2 crimson imps
  15 jellies
  9 hounds
  29 orc priests
  A bombardier beetle (D:5)
  3 iguanas
  19 orc wizards
  A boggart simulacrum (D:14)
  Robin (D:4)
  3 adders
  4 gnolls (D:5)
  2 white imps
  2 ufetubi (D:6)
  3 ribbon worms
  67 orcs
  11 ball pythons
  4 endoplasms
  A giant cockroach (D:4)
  15 goblins
  8 hobgoblins
  5 jackals
  2 quokkas (D:4)
  3 bats
  2 frilled lizards
  A goblin skeleton (D:4)
  6 hobgoblin zombies (D:4)
  8 kobolds
  A kobold zombie (D:4)
  2 orc skeletons (D:4)
  2 rats (D:2)
  An aspiring flesh (Zot:5)
  9 fulminant prisms
1776 creatures vanquished.

Vanquished Creatures (collateral kills)
  3 orbs of fire
  Vv (Zot:2)
  A curse toe (Zot:4)
  2 golden dragons
  A hellephant (Depths:2)
  An electric golem (Zot:5)
  10 tentacled monstrosities
  A walking crystal tome (Depths:3)
  3 titans (Vaults:5)
  2 liches (Depths:3)
  5 Orb Guardians (Zot:5)
  A deep elf master archer (Elf:3)
  A quicksilver dragon (Zot:2)
  A deep elf blademaster (Elf:3)
  A death cob (Zot:2)
  2 acid blobs (Zot:3)
  4 shadow dragons
  3 tengu reavers (Vaults:5)
  6 draconian monks
  A storm dragon (Zot:2)
  5 fire giants
  3 draconian knights
  A draconian shifter (Zot:1)
  An iron dragon (Vaults:5)
  A deep elf sorcerer (Vaults:5)
  2 frost giants
  4 vault wardens (Vaults:5)
  A draconian stormcaller (Zot:2)
  3 draconian scorchers
  An ironbound preserver (Vaults:5)
  2 spriggan defenders (Depths:4)
  7 very ugly things
  2 draconian annihilators
  5 stone giants
  A vampire knight (Depths:4)
  A deep elf death mage (Elf:3)
  5 green draconians
  4 deep elf demonologists (Elf:3)
  4 red draconians
  2 white draconians
  5 deep elf annihilators
  5 yellow draconians
  7 purple draconians
  4 ettins
  A jiangshi (Depths:2)
  3 fire dragons
  A yaktaur captain (Vaults:5)
  6 vault guards
  3 ice dragons
  A spriggan air mage (Depths:3)
  A hell hog (Depths:1)
  7 two-headed ogres
  A dancing weapon (Vaults:5)
  2 deep troll shamans
  A vampire mage (Depths:2)
  2 spriggan berserkers
  9 hell knights
  A soul eater (Depths:1)
  4 spriggans
  2 skysharks (shapeshifter) (Vaults:5)
  4 iron trolls
  7 deep trolls
  A goliath frog (Zot:5)
  2 glowing orange brains (Depths:1)
  A flayed ghost (Vaults:5)
  2 deep elf zephyrmancers (Elf:3)
  A necromancer (Depths:2)
  A phantasmal warrior (Depths:3)
  5 ugly things
  2 moths of wrath
  A salamander (Depths:1)
  A tengu conjurer (Depths:1)
  A yaktaur (Vaults:5)
  2 hornets
  A tyrant leech (Zot:3)
  A dream sheep (shapeshifter) (Vaults:5)
  2 ogres (Vaults:5)
  10 jellies (Zot:3)
216 creatures vanquished.

Vanquished Creatures (others)
  A draconian knight (Zot:4)
  A stone giant (Depths:2)
  A naga ritualist (Snake:4)
  A water elemental (Elf:2)
  A killer bee (D:7)
  248 fulminant prisms
253 creatures vanquished.

Grand Total: 2245 creatures vanquished

Table legend: (Time is in decaauts)
 A = Elapsed time spent in this place.
 B = Non-inter-level travel time spent in this place.
 C = Inter-level travel time spent in this place.
 D = Time resting spent in this place.
 E = Time spent auto-exploring this place.
 F = Levels seen in this place.
 G = Mean time per level.
                   A        B        C        D        E       F      G
               +--------+--------+--------+--------+--------+-----+--------+
         Total | 133632 | 125144 |   8488 |  66035 |  17075 |  51 | 2620.2 |
       Dungeon |  33915 |  30393 |   3522 |  13588 |   9661 |  15 | 2261.0 |
        Temple |     96 |     96 |      0 |      0 |      0 |   1 |   96.0 |
          Lair |   9707 |   8701 |   1006 |   3857 |   1646 |   4 | 2426.8 |
        Shoals |   7038 |   6890 |    148 |   3283 |    913 |   4 | 1759.5 |
     Snake Pit |  13029 |  12540 |    489 |   7255 |    869 |   4 | 3257.2 |
  Orcish Mines |   8241 |   7551 |    690 |   4220 |    907 |   2 | 4120.5 |
   Elven Halls |   7345 |   7112 |    233 |   3920 |    283 |   3 | 2448.3 |
        Vaults |  22230 |  20928 |   1302 |  11947 |    519 |   5 | 4446.0 |
        Depths |  12616 |  11974 |    642 |   6788 |    582 |   4 | 3154.0 |
           Zot |  19146 |  18693 |    453 |  11177 |   1693 |   5 | 3829.2 |
        Bazaar |    148 |    148 |      0 |      0 |      0 |   1 |  148.0 |
         Trove |     80 |     80 |      0 |      0 |      2 |   1 |   80.0 |
        Bailey |     18 |     18 |      0 |      0 |      0 |   1 |   18.0 |
        Wizlab |     16 |     16 |      0 |      0 |      0 |   1 |   16.0 |
               +--------+--------+--------+--------+--------+-----+--------+

Top non-repeatable levels by time:
   Orc:2: 6578 daAuts
   Zot:3: 5250 daAuts
   Zot:2: 4955 daAuts
Vaults:1: 4908 daAuts
Vaults:5: 4842 daAuts
Vaults:3: 4663 daAuts
    D:11: 4631 daAuts
Depths:3: 4561 daAuts
Vaults:4: 4378 daAuts
   Zot:5: 4287 daAuts
 Snake:4: 4281 daAuts
    D:10: 3993 daAuts
    D:14: 3820 daAuts
Depths:4: 3622 daAuts
  Lair:3: 3544 daAuts

Table legend:
 A = Non-vault XP
 B = Vault XP
 C = Vault XP percentage of total XP
 D = Non-vault monster count
 E = Vault monster count
 F = Vault count percentage of total count
                 A         B        C        D         E       F
            +---------+---------+-------+---------+---------+-------
      Total |  723191 |  570175 |  44.1 |    1249 |     727 |  36.8
            +---------+---------+-------+---------+---------+-------
        D:1 |      17 |       5 |  22.7 |      10 |       3 |  23.1
        D:2 |      42 |       0 |   0.0 |      17 |       0 |   0.0
        D:3 |      14 |       0 |   0.0 |       9 |       0 |   0.0
        D:4 |     149 |     205 |  57.9 |      18 |      27 |  60.0
        D:5 |     587 |       9 |   1.5 |      22 |       2 |   8.3
        D:6 |     451 |      58 |  11.4 |      14 |       2 |  12.5
        D:7 |    1039 |      42 |   3.9 |      21 |       1 |   4.5
        D:8 |    3515 |      90 |   2.5 |      23 |       2 |   8.0
        D:9 |    2500 |     599 |  19.3 |      26 |       6 |  18.8
       D:10 |    2032 |    1432 |  41.3 |      20 |       2 |   9.1
       D:11 |    4534 |     867 |  16.1 |      22 |       1 |   4.3
       D:12 |    4786 |    2470 |  34.0 |      18 |       4 |  18.2
       D:13 |    3443 |    2854 |  45.3 |       7 |       8 |  53.3
       D:14 |    9425 |       0 |   0.0 |      21 |       0 |   0.0
       D:15 |   13931 |    2652 |  16.0 |      32 |       4 |  11.1
     Lair:1 |    2385 |    1186 |  33.2 |      10 |      16 |  61.5
     Lair:2 |    8043 |    1660 |  17.1 |      38 |       4 |   9.5
     Lair:3 |    5717 |    1072 |  15.8 |      22 |       2 |   8.3
     Lair:4 |    5137 |       0 |   0.0 |      17 |       0 |   0.0
   Shoals:1 |   15630 |       0 |   0.0 |      32 |       0 |   0.0
   Shoals:2 |    8042 |     214 |   2.6 |      19 |       1 |   5.0
   Shoals:3 |   12520 |     701 |   5.3 |      23 |       1 |   4.2
   Shoals:4 |    6436 |   19946 |  75.6 |      15 |      32 |  68.1
    Snake:1 |    9339 |       0 |   0.0 |      20 |       0 |   0.0
    Snake:2 |   18253 |   13751 |  43.0 |      41 |      25 |  37.9
    Snake:3 |   15888 |     781 |   4.7 |      32 |       1 |   3.0
    Snake:4 |   31842 |   30376 |  48.8 |      60 |      48 |  44.4
      Orc:1 |    2629 |    4445 |  62.8 |      15 |       3 |  16.7
      Orc:2 |    3169 |   17094 |  84.4 |      21 |      77 |  78.6
      Elf:1 |    9914 |   18166 |  64.7 |      19 |      32 |  62.7
      Elf:2 |   18210 |    7234 |  28.4 |      32 |      14 |  30.4
      Elf:3 |   19552 |   32392 |  62.4 |      36 |      27 |  42.9
   Vaults:1 |   31704 |   33599 |  51.5 |      49 |      50 |  50.5
   Vaults:2 |    9389 |   21557 |  69.7 |      12 |      28 |  70.0
   Vaults:3 |   34972 |   28266 |  44.7 |      45 |      37 |  45.1
   Vaults:4 |   32843 |   53975 |  62.2 |      46 |      56 |  54.9
   Vaults:5 |   35968 |   81639 |  69.4 |      50 |      70 |  58.3
   Depths:1 |   26760 |    4839 |  15.3 |      32 |       7 |  17.9
   Depths:2 |   21681 |   10156 |  31.9 |      28 |       8 |  22.2
   Depths:3 |   37627 |   24985 |  39.9 |      49 |      18 |  26.9
   Depths:4 |   31603 |   15040 |  32.2 |      30 |      14 |  31.8
      Zot:1 |   38302 |    3162 |   7.6 |      31 |       1 |   3.1
      Zot:2 |   41059 |    4215 |   9.3 |      36 |       4 |  10.0
      Zot:3 |   74615 |   30175 |  28.8 |      57 |      47 |  45.2
      Zot:4 |   47765 |       0 |   0.0 |      37 |       0 |   0.0
      Zot:5 |   19732 |   98266 |  83.3 |      15 |      42 |  73.7
            +---------+---------+-------+---------+---------+-------
